 Dungeon Crawl Stone Soup version 0.31.0-11-ge490571c62 (webtiles) character file.

Game seed: 6977454255843553400

44 qw the Shooter (level 3, 0/20 HPs)
             Began as a Deep Elf Hunter on Feb 3, 2024.
             Succumbed to a kobold's poison
             ... on level 1 of the Dungeon.
             The game lasted 00:00:09 (582 turns).

qw the Shooter (Deep Elf Hunter)                     Turns: 582, Time: 00:00:09

Health: 0/20       AC:  3    Str: 10    XL:     3   Next: 39%
Magic:  5/5        EV: 12    Int: 13    God:
Gold:   54         SH:  0    Dex: 18    Spells: 2/2 levels left

rFire   . . .        a - +0 shortbow
rCold   . . .        (shield currently unavailable)
rNeg    . . .        c - +0 leather armour
rPois   .            (no helmet)
rElec   .            (no cloak)
rCorr   .            (no gloves)
SInv    .            (no boots)
Will    .....        (no amulet)
Stlth   ++           (no ring)
HPRegen 0.23/turn    (no ring)
MPRegen 0.09/turn

%: no passive effects
@: lethally poisoned (0 -> -7)
A: no striking features
a: no special abilities


You were on level 1 of the Dungeon.
You visited 1 branch of the dungeon, and saw 1 of its levels.

You collected 54 gold pieces.


   Skills:
 - Level 1.5 Fighting
 + Level 7.0 Ranged Weapons
 - Level 2.4 Dodging
 - Level 1.2 Stealth


You had 2 spell levels left.
You didn't know any spells.
Your spell library was empty.

Inventory:

Hand Weapons
 a - a +0 shortbow (weapon)
Armour
 c - a +0 leather armour (worn)
Scrolls
 b - a scroll of butterflies
 e - 2 scrolls of identify {unknown}
 f - a scroll of enchant weapon {unknown}
Potions
 d - a potion of curing {unknown}
 g - a potion of enlightenment {unknown}
 h - a potion of ambrosia {unknown}

Dungeon Overview and Level Annotations

Branches:
Dungeon (1/15)

Altars:


Message History

You shoot an arrow. The arrow barely misses the gnoll.
The gnoll misses you.
You shoot an arrow. The arrow hits the gnoll.
The gnoll is severely wounded.
The gnoll barely misses you.
You shoot an arrow. The arrow hits the gnoll!
You kill the gnoll!
You shoot an arrow. The arrow closely misses the goblin.
The goblin closely misses you.
You shoot an arrow. The arrow closely misses the goblin.
The goblin hits you with a +0 dagger.
You shoot an arrow. The arrow hits the goblin!
You kill the goblin!
A kobold comes into view.
It is wielding a +1 short sword of venom.
You shoot an arrow.
The arrow hits the kobold but does no damage.
The kobold barely misses you. The kobold hits you but does no damage.
You are poisoned.
You shoot an arrow. The arrow barely misses the kobold.
You feel very sick. The kobold closely misses you.
You shoot an arrow. The arrow completely misses the kobold.
You feel sick. The kobold hits you but does no damage.
You are more poisoned.
You shoot an arrow.
The arrow hits the kobold but does no damage.
You feel very sick.
The kobold hits you with a +1 short sword of venom.
You are lethally poisoned!
You shoot an arrow. The arrow hits the kobold!
You kill the kobold!
You feel very sick.
You shoot an arrow. The arrow hits the rat!
You kill the rat!
You feel very sick.
Your Ranged Weapons skill increases to level 7!
There is a lethal amount of poison in your body!
You feel very sick.
There is a lethal amount of poison in your body!
You die...

.....#.####.##...)
######..#...%........
..........####.##.###
#####..#.# #%##.# #..#.#
#....#
########..#.######..###
..........#............
#########.##############
.......@.........
######)##.####### #.#
#.. ..# #.# #.#. ..# #.#
..#:#...# #.# ..# . #..#
#.# ... #! .#.# #.# ..
.# .######### #.##
##......###...


There were no monsters in sight!

Vanquished Creatures
  2 gnolls (D:1)
  A dart slug (D:1)
  An endoplasm (D:1)
  5 goblins (D:1)
  3 hobgoblins (D:1)
  2 ball pythons (D:1)
  A bat (D:1)
  A frilled lizard (D:1)
  3 kobolds (D:1)
  5 rats (D:1)
24 creatures vanquished.

Notes
Turn   | Place    | Note
-------+----------+-------------------------------------------
     0 | D:1      | qw the Deep Elf Hunter began the quest for the Orb.
     0 | D:1      | Reached XP level 1. HP: 12/12 MP: 3/3
     0 | D:1      | 0 ||| qw: Version: 0.3-a-155-g5e7d8dd
     0 | D:1      | 0 ||| qw: Game counter: 3361
     0 | D:1      | 0 ||| qw: Melee chars always use a shield: true
     0 | D:1      | 0 ||| qw: God list: Okawaru
     0 | D:1      | 0 ||| qw: Allow faded altars: false
     0 | D:1      | 0 ||| qw: Do Orc after clearing Dungeon:15 true
     0 | D:1      | 0 ||| qw: Do second Lair branch before Depths: true
     0 | D:1      | 0 ||| qw: Lair rune preference: random
     0 | D:1      | 0 ||| qw: Goals: Normal
     0 | D:1      | 0 ||| PLANNING D:1-11
   145 | D:1      | Reached XP level 2. HP: 12/16 MP: 4/4
   171 | D:1      | Reached skill level 6 in Ranged Weapons
   437 | D:1      | HP: 4/16 [kobold/+0 short sword (3)]
   444 | D:1      | HP: 3/16 [hobgoblin (2)]
   445 | D:1      | HP: 1/16 [rat (2)]
   446 | D:1      | Reached XP level 3. HP: 1/20 MP: 5/5
   580 | D:1      | HP: 5/20 [poisoned by a kobold]
   581 | D:1      | Reached skill level 7 in Ranged Weapons
   581 | D:1      | HP: 2/20 [poisoned by a kobold]
   582 | D:1      | Succumbed to a kobold's poison

Levels and vault maps discovered:
D:1:      dpeg_arrival_rooms_a, layout_basic, minmay_tiny_reverse_x

Skill      XL: |  1  2  3 |
---------------+----------+-----
Ranged Weapons | 6 7 |  7.0
Fighting       | |  1.5
Dodging        | |  2.4
Stealth        | |  1.2

Action                     || total
---------------------------++-------
   Fire: Shortbow          ||    57
 Armour: Leather armour    ||    16
  Dodge: Dodged            ||    19

Table legend:
 A = Non-vault XP
 B = Vault XP
 C = Vault XP percentage of total XP
 D = Non-vault monster count
 E = Vault monster count
 F = Vault count percentage of total count
                 A         B        C        D         E       F
            +---------+---------+-------+---------+---------+-------
      Total |      60 |       3 |   4.8 |      22 |       2 |   8.3
            +---------+---------+-------+---------+---------+-------
        D:1 |      60 |       3 |   4.8 |      22 |       2 |   8.3
            +---------+---------+-------+---------+---------+-------
